3A
BELLEVILLE BULLS @ PROVO MANGO
07/17/2029
 
TOP OF THE 1ST
Belleville Bulls batting - Pitching for Provo Mango : RHP Harry Stogsdill
Pitching: RHP Harry Stogsdill
Batting: LHB Seung-soo Ch'ae 0-0: SINGLE (Line Drive, 34D)
Batting: LHB Samuel Bartolomej 0-0: Ball
Seung-soo Ch'ae steals 2nd base
1-0: Foul Ball, location: 2F
1-1: SINGLE (Line Drive, 8RS)
Seung-soo Ch'ae to third
Runner from 3rd tries for Home, SAFE, no throw
Batting: LHB Scot Willis 0-0: Foul Ball, location: 2F
0-1: Ball
1-1: Called Strike
1-2: Ball
2-2: Strikes out looking
Batting: RHB Leonardo Sotelo 0-0: Called Strike
Samuel Bartolomej steals 2nd base
0-1: Called Strike
0-2: Ball
1-2: Foul Ball, location: 2F
1-2: Strikes out looking
Batting: RHB Alejandro Serrato 0-0: Ball
1-0: Ball
2-0: Ball
3-0: Called Strike
3-1: Foul Ball, location: 2F
3-2: Foul Ball, location: 2F
3-2: Fly out, F4 (Popup, 4)
Top of the 1st over - 1 run, 2 hits, 0 errors, 1 left on base; Belleville 1 - Provo 0
BOTTOM OF THE 1ST
Provo Mango batting - Pitching for Belleville Bulls : LHP Joe Muller
Pitching: LHP Joe Muller
Batting: LHB Andrés Garza 0-0: Foul Ball, location: 2F
0-1: Ball
1-1: Swinging Strike
1-2: Strikes out swinging
Batting: RHB Guillermo Carrizales 0-0: Called Strike
0-1: Swinging Strike
0-2: Ball
1-2: Ball
2-2: Strikes out swinging
Batting: RHB Jeff Hunter 0-0: Called Strike
0-1: Ball
1-1: Ball
2-1: Ground out U3 (Groundball, 3L)
Bottom of the 1st over - 0 runs, 0 hits, 0 errors, 0 left on base; Belleville 1 - Provo 0
TOP OF THE 2ND
Belleville Bulls batting - Pitching for Provo Mango : RHP Harry Stogsdill
Batting: LHB Alan Shaw 0-0: Called Strike
0-1: Ground out 3-1 (Groundball, 34S)
Batting: RHB Júlio Robles 0-0: Ball
1-0: Called Strike
1-1: Foul Ball, location: 2F
1-2: Strikes out swinging
Batting: RHB Bartho Simonse 0-0: Ball
1-0: Swinging Strike
1-1: DOUBLE (Line Drive, 78D)
Batting: RHB Jon Hounshell 0-0: Ball
1-0: Ball
2-0: Ball
3-0: Base on Balls
Batting: LHB Seung-soo Ch'ae 0-0: Called Strike
0-1: Fly out, F7 (Line Drive, 7)
Top of the 2nd over - 0 runs, 1 hit, 0 errors, 2 left on base; Belleville 1 - Provo 0
BOTTOM OF THE 2ND
Provo Mango batting - Pitching for Belleville Bulls : LHP Joe Muller
Batting: RHB Xi-ku See-to 0-0: Called Strike
0-1: Foul Ball, location: 2F
0-2: Ball
1-2: Ground out 6-3 (Groundball, 6)
Batting: SHB Tomás Solorzano 0-0: Fly out, F9 (Line Drive, 89S)
Batting: RHB Greg Bugarin 0-0: Fly out, F7 (Line Drive, 7LM)
Bottom of the 2nd over - 0 runs, 0 hits, 0 errors, 0 left on base; Belleville 1 - Provo 0
TOP OF THE 3RD
Belleville Bulls batting - Pitching for Provo Mango : RHP Harry Stogsdill
Batting: LHB Samuel Bartolomej 0-0: Ball
1-0: Foul Ball, location: 2F
1-1: Ball
2-1: Ball
3-1: Foul Ball, location: 2F
3-2: Base on Balls
Batting: LHB Scot Willis 0-0: Called Strike
0-1: Ball
1-1: Ball
2-1: Ball
3-1: Swinging Strike
3-2: Fly out, F7 (Flyball, 78D)
Batting: RHB Leonardo Sotelo 0-0: Ball
1-0: Fly out, F8 (Flyball, 78D)
Batting: RHB Alejandro Serrato 0-0: Called Strike
0-1: Ball
1-1: Ball
2-1: Foul Ball, location: 2F
2-2: Strikes out swinging
Top of the 3rd over - 0 runs, 0 hits, 0 errors, 1 left on base; Belleville 1 - Provo 0
BOTTOM OF THE 3RD
Provo Mango batting - Pitching for Belleville Bulls : LHP Joe Muller
Batting: SHB Tommy Dreamer 0-0: Fly out, F7 (Flyball, 7)
Batting: RHB Sun-jae Kwak 0-0: Ball
1-0: Foul Ball, location: 2F
1-1: Ball
2-1: Fly out, F7 (Flyball, 7)
Batting: LHB Jesús De Jesús 0-0: Ball
1-0: Foul Ball, location: 2F
1-1: Ball
2-1: Ball
3-1: Called Strike
3-2: Base on Balls
Batting: LHB Andrés Garza 0-0: Foul Ball, location: 2F
0-1: Ball
1-1: Fielders Choice at 2nd, 6-4 (Groundball, 6)
Bottom of the 3rd over - 0 runs, 0 hits, 0 errors, 1 left on base; Belleville 1 - Provo 0
TOP OF THE 4TH
Belleville Bulls batting - Pitching for Provo Mango : RHP Harry Stogsdill
Batting: LHB Alan Shaw 0-0: Swinging Strike
0-1: Ball
1-1: Swinging Strike
1-2: Ball
2-2: Strikes out looking
Batting: RHB Júlio Robles 0-0: Foul Ball, location: 2F
0-1: Called Strike
0-2: Strikes out swinging
Batting: RHB Bartho Simonse 0-0: Called Strike
0-1: Ball
1-1: Ball
2-1: Ball
3-1: Base on Balls
Batting: RHB Jon Hounshell 0-0: Ball
1-0: Ball
2-0: Called Strike
2-1: Foul Ball, location: 2F
2-2: Fielders Choice at 2nd, 6-4 (Groundball, 56)
Top of the 4th over - 0 runs, 0 hits, 0 errors, 1 left on base; Belleville 1 - Provo 0
BOTTOM OF THE 4TH
Provo Mango batting - Pitching for Belleville Bulls : LHP Joe Muller
Batting: RHB Guillermo Carrizales 0-0: Fly out, F8 (Flyball, 8RM)
Batting: RHB Jeff Hunter 0-0: Fly out, F8 (Flyball, 8LM)
Batting: RHB Xi-ku See-to 0-0: SINGLE (Line Drive, 7LS)
Batting: SHB Tomás Solorzano 0-0: Called Strike
0-1: Ball
1-1: Ball
2-1: Called Strike
2-2: Ball
3-2: Fly out, F7 (Flyball, 7S)
Bottom of the 4th over - 0 runs, 1 hit, 0 errors, 1 left on base; Belleville 1 - Provo 0
TOP OF THE 5TH
Belleville Bulls batting - Pitching for Provo Mango : RHP Harry Stogsdill
Batting: LHB Seung-soo Ch'ae 0-0: Called Strike
0-1: Ball
1-1: Ground out 6-3 (Groundball, 6)
Batting: LHB Samuel Bartolomej 0-0: Ball
1-0: Called Strike
1-1: Foul Ball, location: 2F
1-2: Fly out, F5 (Line Drive, 5)
Batting: LHB Scot Willis 0-0: Ball
1-0: Called Strike
1-1: Ball
2-1: Ball
3-1: Called Strike
3-2: Foul Ball, location: 2F
3-2: Foul Ball, location: 2F
3-2: Strikes out swinging
Top of the 5th over - 0 runs, 0 hits, 0 errors, 0 left on base; Belleville 1 - Provo 0
BOTTOM OF THE 5TH
Provo Mango batting - Pitching for Belleville Bulls : LHP Joe Muller
Batting: RHB Greg Bugarin 0-0: Foul Ball, location: 2F
0-1: Ground out 4-3 (Groundball, 4)
Batting: SHB Tommy Dreamer 0-0: Ball
1-0: Ball
2-0: Called Strike
2-1: Foul Ball, location: 2F
2-2: Ball
3-2: Foul Ball, location: 2F
3-2: Fly out, F4 (Line Drive, 4)
Batting: RHB Sun-jae Kwak 0-0: Called Strike
0-1: Fly out, F7 (Line Drive, 7)
Bottom of the 5th over - 0 runs, 0 hits, 0 errors, 0 left on base; Belleville 1 - Provo 0
TOP OF THE 6TH
Belleville Bulls batting - Pitching for Provo Mango : RHP Harry Stogsdill
Batting: RHB Leonardo Sotelo 0-0: Ball
1-0: Ball
2-0: Foul Ball, location: 2F
2-1: Called Strike
2-2: Fly out, F7 (Flyball, 78S)
Batting: RHB Alejandro Serrato 0-0: Called Strike
0-1: Foul Ball, location: 2F
0-2: Foul Ball, location: 2F
0-2: Ball
1-2: Foul Ball, location: 2F
1-2: Ground out 6-3 (Groundball, 6)
Batting: LHB Alan Shaw 0-0: Ball
1-0: Called Strike
1-1: Called Strike
1-2: Ball
2-2: Ball
3-2: Foul Ball, location: 2F
3-2: Foul Ball, location: 2F
3-2: Foul Ball, location: 2F
3-2: DOUBLE (Groundball, 3L)
Pitching: LHP Giuseppe Farina
Batting: RHB Júlio Robles 0-0: Called Strike
0-1: Swinging Strike
0-2: Ball
1-2: Foul Ball, location: 2F
1-2: Strikes out looking
Top of the 6th over - 0 runs, 1 hit, 0 errors, 1 left on base; Belleville 1 - Provo 0
BOTTOM OF THE 6TH
Provo Mango batting - Pitching for Belleville Bulls : LHP Joe Muller
Batting: LHB Jesús De Jesús 0-0: Fly out, F8 (Flyball, 8RM)
Batting: LHB Andrés Garza 0-0: Ball
1-0: Ball
2-0: Foul Ball, location: 2F
2-1: Fly out, F8 (Line Drive, 8RM)
Batting: RHB Guillermo Carrizales 0-0: Called Strike
0-1: Ball
1-1: Foul Ball, location: 2F
1-2: Ball
2-2: Ball
3-2: Foul Ball, location: 2F
3-2: SINGLE (Groundball, 3D)
Batting: RHB Jeff Hunter 0-0: Called Strike
0-1: Swinging Strike
0-2: Ball
1-2: Ball
2-2: Foul Ball, location: 2F
2-2: Fielders Choice at 2nd, 6-4 (Groundball, 6)
Bottom of the 6th over - 0 runs, 1 hit, 0 errors, 1 left on base; Belleville 1 - Provo 0
TOP OF THE 7TH
Belleville Bulls batting - Pitching for Provo Mango : LHP Giuseppe Farina
Batting: RHB Bartho Simonse 0-0: Called Strike
0-1: Ball
1-1: Ball
2-1: Called Strike
2-2: Strikes out swinging
Batting: RHB Jon Hounshell 0-0: Ball
1-0: Ball
2-0: Ball
3-0: Base on Balls
Pinch Hitting: LHB Walt Lathon 0-0: Ball
1-0: Swinging Strike
1-1: Called Strike
Jon Hounshell steals 2nd base
1-2: Ball
2-2: Ball
3-2: Intentional Walk
Batting: LHB Samuel Bartolomej 0-0: Called Strike
0-1: Ball
1-1: Foul Ball, location: 2F
1-2: Ball
2-2: Foul Ball, location: 2F
2-2: Strikes out swinging
Batting: LHB Scot Willis 0-0: Ball
1-0: Called Strike
1-1: Foul Ball, location: 2F
1-2: Reached on error, E5 (Groundball, 56)
Jon Hounshell to third
Walt Lathon to second
Batting: RHB Leonardo Sotelo 0-0: Foul Ball, location: 2F
0-1: Ball
1-1: Foul Ball, location: 2F
1-2: Ball
2-2: Ball
3-2: Ground out 1-3 (Groundball, P)
Top of the 7th over - 0 runs, 0 hits, 1 error, 3 left on base; Belleville 1 - Provo 0
BOTTOM OF THE 7TH
Provo Mango batting - Pitching for Belleville Bulls : LHP Joe Muller
Now at SS: José Bumgarnor
Batting: RHB Xi-ku See-to 0-0: Fly out, F9 (Flyball, 9S)
Batting: SHB Tomás Solorzano 0-0: Swinging Strike
0-1: Ball
1-1: Fly out, F8 (Line Drive, 8LD)
Batting: RHB Greg Bugarin 0-0: Ball
1-0: Fly out, F8 (Flyball, 8LXD)
Bottom of the 7th over - 0 runs, 0 hits, 0 errors, 0 left on base; Belleville 1 - Provo 0
TOP OF THE 8TH
Belleville Bulls batting - Pitching for Provo Mango : LHP Giuseppe Farina
Batting: RHB Alejandro Serrato 0-0: Called Strike
0-1: Ball
1-1: Ball
2-1: Ball
3-1: Called Strike
3-2: Foul Ball, location: 2F
3-2: Foul Ball, location: 2F
3-2: Base on Balls
Batting: LHB Alan Shaw 0-0: DOUBLE (Line Drive, 89M)
Alejandro Serrato to third
Batting: RHB Júlio Robles 0-0: Fly out, F8 (Flyball, 78D)
Runner from 3rd tags up, SCORES, throw made
Batting: RHB Bartho Simonse 0-0: Called Strike
0-1: Ball
1-1: Swinging Strike
1-2: Foul Ball, location: 2F
1-2: Strikes out looking
Batting: RHB Jon Hounshell 0-0: Ball
1-0: Ground out 1-3 (Groundball, P)
Top of the 8th over - 1 run, 1 hit, 0 errors, 1 left on base; Belleville 2 - Provo 0
BOTTOM OF THE 8TH
Provo Mango batting - Pitching for Belleville Bulls : LHP Joe Muller
Batting: SHB Tommy Dreamer 0-0: Ball
1-0: Called Strike
1-1: Ball
2-1: Ball
3-1: Foul Ball, location: 2F
3-2: Fly out, F7 (Flyball, 78M)
Batting: RHB Sun-jae Kwak 0-0: SINGLE (Flyball, 3D)
Batting: LHB Jesús De Jesús 0-0: Ball
1-0: Fly out, F8 (Flyball, 8RD)
Batting: LHB Andrés Garza 0-0: Ball
1-0: Fly out, F2 (Popup, 2LF)
Bottom of the 8th over - 0 runs, 1 hit, 0 errors, 1 left on base; Belleville 2 - Provo 0
TOP OF THE 9TH
Belleville Bulls batting - Pitching for Provo Mango : LHP Giuseppe Farina
Pitching: LHP Alejandro García
Batting: RHB José Bumgarnor 0-0: Fly out, F6 (Popup, 6MS)
Batting: LHB Samuel Bartolomej 0-0: Ball
1-0: Ball
2-0: Called Strike
2-1: Called Strike
2-2: Fly out, F9 (Flyball, 89D)
Batting: LHB Scot Willis 0-0: Called Strike
0-1: Swinging Strike
0-2: Ball
1-2: Ball
2-2: Ball
3-2: Base on Balls
Batting: RHB Leonardo Sotelo 0-0: Ball
1-0: Ball
2-0: Ball
3-0: Called Strike
3-1: Foul Ball, location: 2F
3-2: Strikes out swinging
Top of the 9th over - 0 runs, 0 hits, 0 errors, 1 left on base; Belleville 2 - Provo 0
BOTTOM OF THE 9TH
Provo Mango batting - Pitching for Belleville Bulls : LHP Joe Muller
Batting: RHB Guillermo Carrizales 0-0: Ball
1-0: Ball
2-0: Called Strike
2-1: Called Strike
2-2: Fly out, F7 (Flyball, 78D)
Batting: RHB Jeff Hunter 0-0: Foul Ball, location: 2F
0-1: Ground out 5-3 (Groundball, 56S)
Batting: RHB Xi-ku See-to 0-0: Foul Ball, location: 2F
0-1: Ball
1-1: SINGLE (Line Drive, 78S)
Batting: SHB Tomás Solorzano 0-0: Ground out 6-3 (Groundball, 6S)
Bottom of the 9th over - 0 runs, 1 hit, 0 errors, 1 left on base; Belleville 2 - Provo 0
Tuesday, December 19th, 2017 - OOTP Baseball 18.8 Build 76